 Dungeon Crawl Stone Soup version 0.29-a0-19-gef7f3e67aa (console) character file.

Game seed: 2917317068021327986

116 Cab the Chopper (level 4, 0/35 HPs)
             Began as a Demonspawn Fighter on Jan 29, 2022.
             Succumbed to a scorpion's poison
             ... on level 3 of the Dungeon.
             The game lasted 00:04:04 (1901 turns).

Cab the Chopper (Demonspawn Fighter)                Turns: 1901, Time: 00:04:04

Health: 0/35       AC:  6    Str: 18    XL:     4   Next: 69%
Magic:  4/4        EV: 13    Int: 10    God:
Gold:   43         SH:  4    Dex: 12    Spells: 3/3 levels left

rFire   + + .      SeeInvis .   a - +0 war axe
rCold   + . .      Faith    .   c - +0 buckler
rNeg    . . .      Spirit   .   b - +0 scale mail
rPois   +          Reflect  .   (no helmet)
rElec   +          Harm     .   (no cloak)
rCorr   +          Rampage  .   (no gloves)
Will    .....                   (no boots)
Stlth   ..........              (no amulet)
HPRegen 0.11/turn               g - +4 ring of evasion
MPRegen 0.09/turn               i - ring of protection from fire

@: lethally poisoned (0 -> -16), resistant
A: demonic guardian 1, powered by death 1, weakness stinger 1
a: no special abilities


You were on level 3 of the Dungeon.
You visited 1 branch of the dungeon, and saw 3 of its levels.

You collected 93 gold pieces.
You spent 50 gold pieces at shops.

Inventory:

Hand Weapons
 a - a +0 war axe (weapon)
Armour
 b - a +0 scale mail (worn)
 c - a +0 buckler (worn)
Jewellery
 g - a +4 ring of evasion (left hand)
 i - a ring of protection from fire (right hand)
Scrolls
 e - a scroll of identify
 f - 3 scrolls of teleportation {unknown}
 h - a scroll of noise {unknown}
 j - a scroll of vulnerability {unknown}
 l - a scroll of holy word {unknown}
 m - a scroll of immolation {unknown}
Potions
 d - a potion of curing


   Skills:
 - Level 3.0 Fighting
 + Level 4.5 Axes
 - Level 2.6 Armour
 - Level 2.6 Shields


You had 3 spell levels left.
You didn't know any spells.
Your spell library was empty.

Dungeon Overview and Level Annotations

Branches:
Dungeon (3/15)

Altars:

Shops:
D:2 *


Innate Abilities, Weirdness & Mutations

A weak demonic guardian rushes to your aid.
You regenerate a little health from kills.
You have a small tail.


Message History

You kill the ball python!
Unknown command.
No target in view!
Unknown command.
No target in view!
Unknown command.
No target in view!
Unknown command.
No target in view!
Unknown command.
You see here a hobgoblin corpse.
f - 3 scrolls labelled GUARY TATET (gained 1)
You see here a hobgoblin corpse.
There is an escape hatch in the ceiling here.
Things that are here:
a +0 dagger; a goblin corpse
Found 17 bolts.
A scorpion comes into view.
You slash the scorpion!
The scorpion is heavily wounded.
The scorpion stings you but does no damage.
The scorpion stings you!
You barely miss the scorpion.
The scorpion is heavily wounded.
The scorpion stings you!
You barely miss the scorpion.
The scorpion is heavily wounded.
The scorpion stings you.
You are poisoned.
The scorpion poisons you! The scorpion stings you.
* * * LOW HITPOINT WARNING * * *
You are more poisoned.
The scorpion poisons you!
You feel protected.
* * * LOW HITPOINT WARNING * * *
You feel very sick. You block the scorpion's attack.
You barely miss the scorpion. You tail-slap the scorpion.
The scorpion is severely wounded.
You die...

▒∙∙∙∙∙∙∙▒ ▒∙∙∙∙∙∙
▒∙∙∙∙∙▒∙▒ ▒∙▒▒▒∙∙
▒∙∙∙∙%▒∙▒ ▒∙ ▒∙∙
▒∙∙∙∙∙▒∙▒▒ ▒∙∙
▒▒▒▒▒▒∙∙∙∙∙∙∙∙▒
▒∙∙
▒∙∙∙∙∙∙∙∙∙∙∙∙∙▒▒ ▒
▒∙∙
▒∙∙∙∙∙∙∙▒∙∙∙∙▒▒▒∙▒
▒∙∙∙∙∙∙∙▒▒∙∙∙∙∙∙∙▒
▒∙∙∙∙@∙∙▒▒∙▒∙∙▒▒∙▒
▒▒▒▒s▒▒▒∙∙∙∙∙∙∙∙∙∙
∙∙∙ ▒∙∙∙∙∙∙▒▒∙▒
∙∙∙▒▒ ▒∙∙∙∙∙∙∙∙∙▒


∙∙∙∙∙ ▒∙∙∙∙∙∙∙▒∙▒ ∙∙∙∙ ▒▒▒∙▒∙∙∙▒ ∙ ∙∙∙ ▒∙▒∙▒∙▒ ∙∙∙ ▒∙▒∙▒(∙∙ ▒∙∙∙▒ ∙∙ You could
see a scorpion.

Vanquished Creatures
  Natasha (D:2)
  3 gnolls (D:3)
  An adder (D:3)
  A worm (D:3)
  2 endoplasms
  2 giant cockroaches
  4 goblins
  8 hobgoblins
  9 jackals
  A kobold (D:2)
  4 ball pythons
  5 bats
  3 frilled lizards (D:2)
  5 rats
49 creatures vanquished.

Notes
Turn   | Place    | Note
-------+----------+-------------------------------------------
     0 | D:1      | Cab the Demonspawn Fighter began the quest for the Orb.
     0 | D:1      | Reached XP level 1. HP: 18/18 MP: 1/1
    86 | D:1      | Reached skill level 2 in Axes
   329 | D:1      | Gained mutation: You regenerate a little health from kills.
                  | [demonic ancestry]
   329 | D:1      | Reached XP level 2. HP: 17/24 MP: 2/2
   883 | D:1      | Reached skill level 3 in Axes
   981 | D:1      | Found a faded altar of an unknown god.
  1125 | D:2      | Gained mutation: You have a small tail. [demonic ancestry]
  1125 | D:2      | Reached XP level 3. HP: 29/29 MP: 3/3
  1262 | D:2      | Noticed Natasha
  1267 | D:2      | Killed Natasha
  1418 | D:2      | Found Wofor's General Store.
  1424 | D:2      | Bought a potion of curing for 30 gold pieces
  1424 | D:2      | Bought a scroll of identify for 20 gold pieces
  1712 | D:3      | Reached skill level 4 in Axes
  1712 | D:3      | Gained mutation: A weak demonic guardian rushes to your
                  | aid. [demonic ancestry]
  1712 | D:3      | Reached XP level 4. HP: 35/35 MP: 4/4
  1893 | D:3      | Noticed a scorpion
  1901 | D:3      | Succumbed to a scorpion's poison

Illustrated notes

Levels and vault maps discovered:
D:1:      heliophobic_arrival_battle_scene, layout_loops_corners,
          shapermc_ecumenical_altar_mp_vishouse, minivault_25
D:2:      layout_loops_ring, serial_shops, nicolae_shop_crystal, uniq_natasha
D:3:      layout_basic, lemuel_zombie_altar_yredelemnul, marbit_many_paths

Skill      XL: |  1  2  3 |
---------------+----------+-----
Axes           | 2 3 4 |  4.5
Fighting       | |  3.0
Armour         | |  2.6
Shields        | |  2.6

Action                   |  1- 3 |  4- 6 || total
-------------------------+-------+-------++-------
Melee: War axe           |    68 |    45 ||   113
       Tailslap          |     3 |     4 ||     7
  Use: Scroll            |     2 |       ||     2
       Potion            |     1 |     1 ||     2
Armor: Scale mail        |    25 |     9 ||    34
Dodge: Dodged            |    28 |    43 ||    71
Block: Buckler           |    14 |    19 ||    33

Table legend: (Time is in decaauts)
 A = Elapsed time spent in this place.
 B = Non-inter-level travel time spent in this place.
 C = Inter-level travel time spent in this place.
 D = Time resting spent in this place.
 E = Time spent auto-exploring this place.
 F = Levels seen in this place.
 G = Mean time per level.
                   A        B        C        D        E       F      G
               +--------+--------+--------+--------+--------+-----+--------+
         Total |   1949 |   1911 |     38 |      0 |   1585 |   3 |  649.7 |
       Dungeon |   1949 |   1911 |     38 |      0 |   1585 |   3 |  649.7 |
               +--------+--------+--------+--------+--------+-----+--------+

Top non-repeatable levels by time:
     D:1: 1021 daAuts
     D:2: 705 daAuts
     D:3: 222 daAuts
